 Dungeon Crawl Stone Soup version 0.26.1-11-gd32895ea62 (webtiles) character file.

Game seed: 9602564689241949759

2811 vvl the Tainter (level 9, -8/51 HPs)
             Began as an Octopode Venom Mage on July 14, 2021.
             Was a Follower of Kikubaaqudgha.
             Shot with a bolt by an orc warrior (31 damage)
             ... in a bailey.
             The game lasted 00:22:57 (8312 turns).

vvl the Tainter (Octopode Venom Mage)               Turns: 8312, Time: 00:22:58

Health: -8/51      AC:  1    Str: 11    XL:     9   Next: 72%
Magic:  4/18       EV: 13    Int: 17    God:    Kikubaaqudgha [*.....]
Gold:   322        SH:  0    Dex: 12    Spells: 12/20 levels left

rFire    . . .     SeeInvis .   p - +3 war axe
rCold    . . .     Faith    .   (no shield)
rNeg     . . .     Spirit   .   q - +0 hat
rPois    .         Reflect  .   (no amulet)
rElec    .         Harm     .   (no ring)
rCorr    .         Rampage  .   (no ring)
Will     .....                  (no ring)
Stlth    ++++......             (no ring)
HPRegen  0.17/turn              (no ring)
MPRegen  0.16/turn              (no ring)
                                (no ring)
                                (no ring)

@: no status effects
A: almost no armour, stealthy swim, amphibious, 8 rings, constrict 8, camouflage
1, gelatinous body 1
a: Renounce Religion, Receive Corpses


You were in a bailey.
You worshipped Kikubaaqudgha.
Kikubaaqudgha was aware of your devotion.
You visited 2 branches of the dungeon, and saw 8 of its levels.
You also visited: Bailey.

You collected 322 gold pieces.

Inventory:

Hand Weapons
 k - a +1 dagger of pain
 p - a +3 war axe (weapon)
Armour
 q - a +0 hat (worn)
Wands
 l - a wand of flame (15)
 m - a wand of paralysis (1)
 s - a wand of disintegration (6)
Scrolls
 g - 2 scrolls of amnesia {unknown}
 h - a scroll of magic mapping
 i - 3 scrolls of remove curse
 j - a scroll of teleportation {unknown}
 n - a scroll of fear
 r - 2 scrolls of enchant armour
Potions
 a - 2 potions of curing
 c - 3 potions of heal wounds {unknown}
 d - 2 potions of haste {unknown}
 e - a potion of flight
 f - 2 potions of lignification {unknown}
 o - 2 potions of berserk rage
 t - a potion of resistance {unknown}


   Skills:
 - Level 2.0 Dodging
 - Level 3.0 Stealth
 + Level 6.0 Spellcasting
 * Level 6.5 Necromancy
 + Level 6.3 Transmutations
 - Level 9.0 Poison Magic


You had 12 spell levels left.
You knew the following spells:

 Your Spells              Type           Power        Failure   Level
a - Sting                 Tmut/Pois      100%         1%          1
b - Olgreb's Toxic Radia  Pois           35%          3%          4
c - Ignite Poison         Fire/Tmut/Pois 22%          4%          3

Your spell library contained the following spells:

 Spells                   Type           Power        Failure   Level
 Pain                     Necr           100%         1%          1
 Sublimation of Blood     Necr           13%          1%          2
 Vampiric Draining        Necr           13%          2%          3
 Poisonous Vapours        Pois/Air       40%          3%          2
 Corpse Rot               Necr/Air       N/A          4%          2
 Mephitic Cloud           Conj/Pois/Air  15%          11%         3
 Shock                    Conj/Air       20%          13%         1
 Swiftness                Air            5%           19%         2
 Static Discharge         Conj/Air       5%           36%         3
 Airstrike                Air            2%           77%         4
 Lightning Bolt           Conj/Air       2%           98%         5


Dungeon Overview and Level Annotations

Branches:
Dungeon (7/15)             Temple (1/1) D:5          Bailey (1/1)

Altars:
Ashenzari
Dithmenos
Elyvilon
Fedhas
Kikubaaqudgha
Nemelex Xobeh
Okawaru
Qazlal
Ru
Sif Muna
Uskayaw
Wu Jian
Xom
Yredelemnul
Zin


Innate Abilities, Weirdness & Mutations

You cannot wear most types of armour.
You are very stealthy in the water. (Stealth+)
You are amphibious.
You can wear up to eight rings at the same time.
You can use your tentacles to constrict eight enemies at once.
Your skin changes colour to match your surroundings (Stealth+).
Your rubbery body absorbs attacks. (AC +1, EV +1)


Message History

You hit the orc knight but do no damage.
You squeeze the orc knight.
The orc knight is lightly wounded.
You constrict the orc knight, but do no damage.
The orc knight is no longer paralysed.
The orc warrior no longer looks unusually strong.
The orc knight roars a battlecry!
The orc warrior goes into a battle-frenzy!
An orc warrior comes into view. It is wielding a +0 arbalest.
You release your grip on the orc knight.
The orc knight completely misses you.
You see here a bolt.
The orc knight hits you from afar with a +0 halberd!
There is a gate leading back out of this place, spattered with blood here.
Things that are here:
a +0 glaive; a +0 ring mail; an orc skeleton The orc warrior shoots a bolt.
The bolt hits you!!
Ouch! That really hurt!
You die...
Kikubaaqudgha rasps: "You have failed me!
Welcome... death!"

### ######
##∩#########
#.....##...##.....##
..≈≈≈).#.).#..≈≈≈..#
.≈≈.≈≈)..o...≈≈)@≈.#
.≈.∩o≈.......≈)∩)≈.+
.≈≈.≈≈...(...≈≈.≈≈.#
..≈≈≈..#.(.#.o≈≈≈..#
#.....##(∩(##.....##
###### ##∩#########
###


You could see an orc knight and an orc warrior (strong).

Vanquished Creatures
  An orc knight (Bailey)
  8 orc warriors (Bailey)
  An ogre (D:5)
  3 centaurs
  Blork the orc (D:4)
  A bullfrog (D:7)
  A scorpion (D:4)
  6 killer bees (D:6)
  2 howler monkeys
  2 bullfrog skeletons
  3 hounds
  3 orc priests
  Terence (D:3)
  Jessica (D:3)
  Ijyb (D:3)
  3 orc wizards (D:5)
  3 worker ants
  A hound zombie (D:4)
  Robin (D:3)
  12 gnolls
  6 adders
  2 shadow imps
  An ooze (D:4)
  An adder zombie (D:3)
  2 worms
  4 dart slugs
  13 orcs
  2 giant cockroaches
  14 goblins
  10 hobgoblins
  3 jackals (D:3)
  4 kobolds
  2 quokkas
  2 ball pythons
  A ball python skeleton (D:4)
  6 bats
  6 frilled lizards
  A jackal skeleton (D:4)
  A leopard gecko zombie (D:5)
  5 rats
141 creatures vanquished.

Notes
Turn   | Place    | Note
-------+----------+-------------------------------------------
     0 | D:1      | vvl the Octopode Venom Mage began the quest for the Orb.
     0 | D:1      | Reached XP level 1. HP: 11/11 MP: 3/3
   313 | D:1      | Reached XP level 2. HP: 11/17 MP: 5/5
   554 | D:1      | Reached skill level 4 in Poison Magic
   848 | D:1      | Reached XP level 3. HP: 10/21 MP: 3/6
  2149 | D:2      | Reached XP level 4. HP: 27/27 MP: 5/7
  2415 | D:3      | Noticed Robin
  2416 | D:3      | Noticed Ijyb
  2553 | D:3      | Learned a level 4 spell: Olgreb's Toxic Radiance
  2557 | D:3      | Learned a level 3 spell: Ignite Poison
  2681 | D:3      | Found a stormy altar of Qazlal.
  2762 | D:3      | Killed Ijyb
  2763 | D:3      | Reached skill level 5 in Poison Magic
  2841 | D:3      | Killed Robin
  2896 | D:3      | Noticed Jessica
  2912 | D:3      | Reached XP level 5. HP: 29/31 MP: 0/9
  2914 | D:3      | Killed Jessica
  3139 | D:3      | Reached skill level 6 in Poison Magic
  3447 | D:3      | Noticed Terence
  3457 | D:3      | Killed Terence
  3458 | D:3      | Reached XP level 6. HP: 29/36 MP: 0/10
  4886 | D:4      | Reached skill level 7 in Poison Magic
  4886 | D:4      | Reached XP level 7. HP: 22/41 MP: 12/12
  5062 | D:4      | Noticed Blork the orc
  5077 | D:4      | Killed Blork the orc
  5688 | D:5      | Entered Level 5 of the Dungeon
  5981 | D:5      | Found a staircase to the Ecumenical Temple.
  5996 | D:5      | Reached skill level 8 in Poison Magic
  6009 | Temple   | Entered the Ecumenical Temple
  6158 | Temple   | Became a worshipper of Kikubaaqudgha
  6495 | D:5      | Reached skill level 1 in Necromancy
  6495 | D:5      | Reached XP level 8. HP: 23/46 MP: 6/14
  6508 | D:5      | Found an ornate altar of the Wu Jian Council.
  7612 | D:6      | Reached skill level 9 in Poison Magic
  7616 | D:6      | Reached skill level 5 in Transmutations
  7857 | D:6      | You fall into a shaft and drop 1 floor!
  7917 | D:7      | Found a flagged portal.
  7924 | D:7      | Reached * piety under Kikubaaqudgha
  7924 | D:7      | Identified Kikubaaqudgha's Catalogue of Necromancy
                  | (Kikubaaqudgha gifted it to you on level 7 of the Dungeon)
  7924 | D:7      | Received a gift from Kikubaaqudgha
  7925 | D:7      | Reached skill level 5 in Spellcasting
  7959 | Bailey   | Entered a bailey
  7959 | Bailey   | Noticed an orc knight
  7966 | Bailey   | Reached XP level 9. HP: 15/51 MP: 2/17
  7973 | Bailey   | Killed an orc knight
  7974 | Bailey   | Reached skill level 5 in Necromancy
  8288 | Bailey   | Noticed an orc knight
  8312 | Bailey   | Shot with a bolt by an orc warrior

Illustrated notes

Levels and vault maps discovered:
D:1:      tarquinn_simple_flora_water_d, layout_basic
D:2:      layout_basic, item_on_display_b
D:3:      layout_loops_ring, grunt_qazlal_sundering, uniq_terence, uniq_ijyb,
          uniq_robin, uniq_jessica
D:4:      layout_basic, uniq_blork_the_orc
D:5:      layout_loops_ring, lemuel_doored_altar,
          minmay_temple_entry_antechambers
D:6:      layout_loops_ring, chequers_temple_overflow_statue_of_worship
D:7:      layout_basic, nzn_hepliaklqana_mist_gate, lemuel_crystal_altar,
          old_standard_altar, enter_bailey_2, uniq_pikel, uniq_maggie
Temple:   zaba_magenta_temple
Bailey:   bailey_polearm_4, bailey

Skill      XL: |  1  2  3  4  5  6  7  8  9 |
---------------+----------------------------+-----
Stealth        | 3 |  3.0
Poison Magic   | 4 5 6 7 8 9 |  9.0
Transmutations | 2 3 4 5 6 |  6.3
Spellcasting   | 3 4 5 6 |  6.0
Necromancy     | 1 4 6 |  6.5
Dodging        | |  2.0

Action                   |  1- 3 |  4- 6 |  7- 9 || total
-------------------------+-------+-------+-------++-------
Melee: Unarmed           |    10 |       |       ||    10
       Constrict         |    12 |    25 |    13 ||    50
       Tentacles         |     5 |    12 |    12 ||    29
       Halberd           |    26 |    75 |       ||   101
       Falchion          |       |    10 |       ||    10
       War axe           |       |       |    64 ||    64
 Cast: Sting             |    29 |    25 |       ||    54
       Olgreb's Toxic Ra |       |     6 |    30 ||    36
       Ignite Poison     |       |     2 |     3 ||     5
Evoke: Wand              |       |       |    14 ||    14
  Use: Scroll            |       |       |     9 ||     9
       Potion            |       |       |     1 ||     1
 Stab: Sleeping          |     6 |     5 |     5 ||    16
       Distracted        |       |     2 |       ||     2
       Paralysed         |       |       |     5 ||     5
Armor: Skin              |     1 |     5 |     2 ||     8
Dodge: Dodged            |    20 |    68 |    55 ||   143
       Rpst.: Falchion   |       |     1 |       ||     1
